 Dungeon Crawl Stone Soup version 0.17-a0-1650-gce8475a (webtiles) character file.

7956 LilCorpsy the Unseen (level 11, -1/94 HPs)
             Began as a Naga Assassin on Aug 13, 2015.
             Was a Priest of Cheibriados.
             Slain by a yak (5 damage)
             ... on level 11 of the Dungeon.
             The game lasted 00:45:37 (14060 turns).

LilCorpsy the Unseen (Naga Assassin)               Turns: 14060, Time: 00:45:40

Health: -1/94      AC:  6    Str: 19    XL:     11   Next: 23%
Magic:  17/24      EV: 14    Int: 21    God:    Cheibriados [***...]
Gold:   593        SH:  0    Dex: 25    Spells: 0 memorised, 10 levels left

rFire  x . .     SeeInvis +     a - +4 dagger
rCold  + . .     Clarity  +     c - +0 robe
rNeg   . . .     SustAt   .     (no shield)
rPois  +         Gourm    .     l - +0 helmet
rElec  .         Spirit   .     d - +0 cloak
rCorr  .         Warding  .     (no gloves)
rMut   .         Stasis   .     (no barding)
MR     +....                    (no amulet)
Stlth  ++++++++..               t - ring of magical power
                                v - ring of ice

@: about to teleport, very slightly contaminated, very slow, somewhat resistant
to hostile enchantments, extraordinarily stealthy
A: see invisible, clarity, clever 1, deformed body, poison resistance, robust 1,
slowness 2, slow metabolism 1, spit poison 2, weak 1, subdued magic 1, AC +3
a: Spit Poison, Bend Time, Temporal Distortion, Renounce Religion


You were on level 11 of the Dungeon.
You worshipped Cheibriados.
Cheibriados was most pleased with you.
You were not hungry.

You visited 2 branches of the dungeon, and saw 12 of its levels.

You collected 761 gold pieces.
You spent 168 gold pieces at shops.

Inventory:

Hand weapons
 a - a +4 dagger (weapon)
 b - a +0 blowgun
Missiles
 e - 31 poisoned needles (quivered)
 n - 6 needles of confusion
Armour
 c - a +0 robe (worn)
 d - a +0 cloak (worn)
 l - a +0 helmet (worn)
 p - a +0 naga barding
Jewellery
 j - a cursed -4 ring of intelligence {unknown}
 s - an uncursed ring of protection from cold
 t - a ring of magical power (right hand)
 v - a ring of ice (left hand)
Magical devices
 i - a wand of lightning (8)
 r - a wand of confusion (39)
 y - a wand of invisibility (7)
 B - a wand of slowing (16)
 E - a wand of disintegration (10)
 H - a wand of enslavement (17)
Scrolls
 o - 4 scrolls of identify
 w - a scroll of teleportation
 x - 2 scrolls of recharging
 A - a scroll of magic mapping
 D - a scroll of vulnerability
 F - a scroll of enchant armour
 G - a scroll of amnesia
Potions
 f - a potion of curing
 m - 3 potions of brilliance
 C - 3 potions of agility
Books
 g - a Necronomicon

   Spells                             Type                      Level
   a - Haunt                          Necromancy/Summoning         7
   b - Borgnjor's Revivification      Necromancy                   8
   c - Death's Door                   Charms/Necromancy            8
   d - Necromutation                  Transmutation/Necromancy     8
 k - a book of Debilitation

   Spells                             Type                      Level
   a - Corona                         Hexes                        1
   b - Slow                           Hexes                        2
   c - Gell's Gravitas                Hexes/Translocation          3
   d - Inner Flame                    Hexes/Fire                   3
   e - Cause Fear                     Hexes                        4
   f - Leda's Liquefaction            Hexes/Earth                  4
 z - the Compendium of Unholy Arcane Weapons
   (You found it on level 4 of the Dungeon)

   Spells                             Type                      Level
   a - Pain                           Necromancy                   1
   b - Corpse Rot                     Necromancy                   2
   c - Venom Bolt                     Conjuration/Poison           5
   d - Bolt of Fire                   Conjuration/Fire             6
   e - Conjure Ball Lightning         Conjuration/Air              6
 I - a book of Power

   Spells                             Type                      Level
   a - Fulminant Prism                Conjuration/Hexes            4
   b - Iskenderun's Mystic Blast      Conjuration                  4
   c - Venom Bolt                     Conjuration/Poison           5
   d - Bolt of Magma                  Conjuration/Fire/Earth       5
   e - Iron Shot                      Conjuration/Earth            6
   f - Orb of Destruction             Conjuration                  7
   g - Spellforged Servitor           Conjuration/Summoning        7
 J - a book of Transfigurations

   Spells                             Type                      Level
   a - Stoneskin                      Transmutation/Earth          2
   b - Irradiate                      Conjuration/Transmutation    5
   c - Statue Form                    Transmutation/Earth          6
   d - Hydra Form                     Transmutation                6
   e - Dragon Form                    Transmutation                7
Comestibles
 h - 8 bread rations
 q - 3 slices of pizza
 u - a royal jelly


   Skills:
 - Level 2.0 Fighting
 * Level 10.6 Short Blades
 - Level 1.7 Throwing
 + Level 4.8 Dodging
 * Level 16.3 Stealth
 + Level 6.2 Invocations


You had 10 spell levels left.
You didn't know any spells.

Dungeon Overview and Level Annotations

Branches:
Dungeon (11/15)            Temple (1/1) D:5            Lair (0/8) D:11
    Orc: D:9-12

Altars:
Ashenzari
Cheibriados
Dithmenos
Elyvilon
Fedhas
Gozag
Kikubaaqudgha
Makhleb
Nemelex Xobeh
Okawaru
Qazlal
Ru
Sif Muna
Trog
Vehumet
Xom
Yredelemnul
Zin
The Shining One

Shops:
D:8 %   D:11 ?


Innate Abilities, Weirdness & Mutations

You cannot wear boots.
Your serpentine skin is tough (AC +3).
You have supernaturally acute eyesight.
Armour fits poorly on your strangely shaped body.
Your system is resistant to poisons.
You cover ground very slowly.
You have a slow metabolism.
You can spit poison.
You possess an exceptional clarity of mind.
Your mind is acute. (Int +2)
You are robust (+10% HP).
You are weak. (Str -2)
Your spells are a little easier to cast, but a little less powerful.


Message History

The yak bellows!
The yak gores you but does no damage. The yak gores you!
* * * LOW HITPOINT WARNING * * *
Use which ability? (? or * to list)
The flow of time bends around you.
Cheibriados rebukes the yak.
The yak seems to slow down.
You feel slightly more hungry.
The yak bellows!
The yak gores you!
* * * LOW HITPOINT WARNING * * *
As you read the scroll of teleportation, it crumbles to dust.
You feel strangely unstable. The yak gores you.
* * * LOW HITPOINT WARNING * * *
Use which ability? (? or * to list)
The flow of time bends around you.
Cheibriados rebukes the yak.
The yak seems to slow down.
Cheibriados rebukes the yak.
The yak seems to slow down.
You feel slightly more hungry. The yak gores you.
You die...

.# # ##......#.# #.....# .# ..
#....♣P≈≈.# #.#.... .# #.#
#.....≈.≈P# #...##. .# ##.#
#....♣≈≈≈.# #..# .#
.###..####........# #..#
...P..P.##.÷......### ##..# #
...P.P.P.........Y..#####...# #.
..PPPPP.........YYY.Y)....#####.#
...P..P.).......@#####.....(.....
P.P.P..)P....##### ###.....####..
.P.####P)P÷..# ##....##..#...#
P.P#)>#P..P..# #..##.###.#.#.#
...#..#P.P..#######.###.#.....#.#
..P#'##.....###.....##....##.##..
.P...P.P.P......######...###.....
..P...P....###### #....## #.....
.P÷P.P.P...# ....#.## #.....


You could see 5 yaks.

Vanquished Creatures
  A centaur warrior (D:11)
  An unseen horror (D:11)
  2 centaur zombies
  A two-headed ogre (D:8)
  A trapdoor spider (D:10)
  2 wyverns
  A deep elf mage (D:10)
  A deep elf fighter (D:11)
  A spriggan (D:7)
  A yak (D:11)
  A steam dragon (D:9)
  2 hungry ghosts
  6 sky beasts
  2 orc warriors
  2 phantoms
  An eye of draining (D:9)
  10 ogres
  2 black bears
  An ice beast (D:10)
  5 centaurs
  A big kobold (D:8)
  4 crocodiles (D:11)
  4 giant frogs
  A water moccasin zombie (D:6)
  2 scorpions
  3 crimson imps
  A giant frog zombie (D:6)
  4 iguanas
  A quasit (D:8)
  An orc priest (D:10)
  4 hounds
  A jelly (D:5)
  A gnoll shaman (D:8)
  3 centaur skeletons
  6 worker ants
  11 orc wizards
  A killer bee zombie (D:8)
  A hound skeleton (D:6)
  5 adders
  2 worker ant zombies
  4 gnolls
  A river rat (D:11)
  A shadow imp (D:6)
  2 oozes (D:3)
  2 adder skeletons
  2 worms (D:3)
  36 orcs
  5 giant cockroaches
  9 goblins
  5 hobgoblins
  13 jackals
  14 kobolds
  9 quokkas
  2 ball pythons
  16 bats
  2 giant geckos
  12 giant newts
  A quokka skeleton (D:4)
  A quokka zombie (D:9)
  21 rats
259 creatures vanquished.

Notes
Turn   | Place    | Note
--------------------------------------------------------------
     0 | D:1      | LilCorpsy the Naga Assassin began the quest for the Orb.
     0 | D:1      | Reached XP level 1. HP: 19/19 MP: 1/1
    47 | D:1      | Reached skill level 6 in Stealth
   290 | D:1      | Reached XP level 2. HP: 20/26 MP: 2/2
  1258 | D:2      | Reached XP level 3. HP: 23/32 MP: 3/3
  1724 | D:2      | Found a faded altar to an unknown god.
  1730 | D:2      | Reached skill level 7 in Stealth
  2019 | D:2      | Reached XP level 4. HP: 39/39 MP: 4/4
  2841 | D:3      | Found a bloodstained altar of Trog.
  2841 | D:3      | Found a deep blue altar of Sif Muna.
  2842 | D:3      | Found an opulent altar of Gozag.
  3391 | D:4      | Noticed an ogre
  3402 | D:4      | Killed an ogre
  3402 | D:4      | Reached skill level 8 in Stealth
  3402 | D:4      | Reached XP level 5. HP: 45/45 MP: 5/5
  3622 | D:4      | Reached XP level 6. HP: 38/52 MP: 6/6
  3893 | D:4      | Found a shimmering altar of Xom.
  4160 | D:4      | Identified the Compendium of Unholy Arcane Weapons
  4175 | D:4      | Reached skill level 9 in Stealth
  4305 | D:4      | Noticed an ogre
  4329 | D:4      | Killed an ogre
  4329 | D:4      | Reached skill level 5 in Short Blades
  4538 | D:4      | Noticed an ogre
  4544 | D:4      | Killed an ogre
  4544 | D:4      | Reached XP level 7. HP: 60/60 MP: 7/7
  4819 | D:5      | Entered Level 5 of the Dungeon
  4938 | D:5      | Reached skill level 10 in Stealth
  5056 | D:5      | Found a staircase to the Ecumenical Temple.
  5068 | D:5      | Reached skill level 11 in Stealth
  5306 | Temple   | Entered the Ecumenical Temple
  5386 | Temple   | Became a worshipper of Cheibriados the Contemplative
  5451 | D:5      | Reached skill level 1 in Dodging
  5451 | D:5      | Reached XP level 8. HP: 50/67 MP: 8/8
  6268 | D:5      | Reached skill level 1 in Invocations
  7087 | D:6      | Acquired Cheibriados's first power
  7087 | D:6      | Reached skill level 12 in Stealth
  7344 | D:6      | Found a glowing silver altar of Zin.
  7445 | D:6      | Found a shadowy altar of Dithmenos.
  7745 | D:7      | Reached XP level 9. HP: 52/73 MP: 10/10
  7888 | D:7      | Found an ancient bone altar of Kikubaaqudgha.
  8203 | D:7      | Found a snail-covered altar of Cheibriados.
  8516 | D:8      | Reached skill level 13 in Stealth
  8523 | D:8      | Identified a scroll of acquirement
  8873 | D:8      | Found Rowaeghe's Food Shoppe.
  8882 | D:8      | Acquired Cheibriados's second power
  9600 | D:8      | HP: 3/73 [gnoll/halberd (5)]
 10731 | D:9      | Reached skill level 14 in Stealth
 10731 | D:9      | Reached XP level 10. HP: 80/80 MP: 13/13
 11041 | D:9      | Acquired Cheibriados's third power
 11272 | D:9      | Reached skill level 5 in Invocations
 11864 | D:10     | Entered Level 10 of the Dungeon
 12098 | D:10     | Reached skill level 15 in Stealth
 12507 | D:10     | Gained mutation: Your mind is acute. (Int +2) [mutagenic meat]
 12508 | D:10     | Gained mutation: You possess an exceptional clarity of mind. [mutagenic meat]
 12509 | D:10     | Gained mutation: Your spells are a little easier to cast, but a little less powerful. [mutagenic meat]
 12510 | D:10     | Gained mutation: You are robust (+10% HP). [mutagenic meat]
 12511 | D:10     | Gained mutation: You are weak. (Str -2) [mutagenic meat]
 13513 | D:11     | Acquired Cheibriados's fourth power
 13514 | D:11     | Reached skill level 10 in Short Blades
 13741 | D:11     | Noticed a centaur warrior
 13755 | D:11     | Killed a centaur warrior
 13755 | D:11     | Reached skill level 16 in Stealth
 13755 | D:11     | Reached XP level 11. HP: 65/94 MP: 15/15
 13931 | D:11     | Found a staircase to the Lair.
 13978 | D:11     | Found Tyluan's Magic Scroll Shoppe.
 14003 | D:11     | Bought a scroll of teleportation for 48 gold pieces
 14003 | D:11     | Bought a scroll of blinking for 120 gold pieces
 14020 | D:11     | Noticed an unseen horror
 14039 | D:11     | Killed an unseen horror
 14059 | D:11     | HP: 4/94 [yak (5)]
 14060 | D:11     | Slain by a yak

Vault maps used:
D:1:      dpeg_arrival_windows_large_door
D:2:      ecumenical_altar_1, hangedman_decor_growths
D:3:      gammafunk_temple_overflow_claw, first_bread
D:4:      lemuel_round_altar
D:5:      temple_hall
D:6:      kennysheep_little_box, grunt_dithmenos_shadows
D:7:      lemuel_coloured_pillars_altar, the_bakery, cheibriados_altar_wand_db
D:8:      serial_shops, nicolae_shop_statue_plus
D:9:      basic_loot_grate_trap
D:11:     grunt_lair_entry_elf_guard_hut, serial_shops, shop_coins,
          serial_bayou_pond_e, jmf_multi_god_temple2, uniq_harold
Temple:   zaba_magenta_temple_12

Action                   |  1- 3 |  4- 6 |  7- 9 | 10-12 || total
-------------------------+-------+-------+-------+-------++-------
Melee: Dagger            |   100 |   139 |   473 |   335 ||  1047
 Fire: Blowgun           |       |    10 |    20 |     3 ||    33
Invok: Bend Time         |       |       |     5 |    14 ||    19
       Slouch            |       |       |       |     4 ||     4
 Abil: Spit Poison       |     2 |     9 |     5 |     5 ||    21
Evoke: Wand              |       |     2 |     3 |       ||     5
  Use: Scroll            |       |    11 |     9 |     4 ||    24
       Potion            |       |     8 |     5 |     1 ||    14
 Stab: Sleeping          |    10 |    10 |    30 |    18 ||    68
       Invisible         |       |     1 |     1 |       ||     2
       Distracted        |       |     1 |     5 |     1 ||     7
  Eat: Bread ration      |     1 |     1 |     2 |       ||     4
       Meat ration       |       |       |     1 |     2 ||     3
       Royal jelly       |       |       |     1 |       ||     1
       Chunk             |       |       |       |     5 ||     5
